 Dungeon Crawl Stone Soup version 0.29.1-4-g47bece8355 (webtiles) character file.

Game seed: 8619778353883894360

86 ChadusMaximus the Caller (level 4, 0/30 HPs)
             Began as a Human Summoner on Dec 7, 2022.
             Slain by Pargi (3 damage)
             ... in a sewer.
             The game lasted 00:04:10 (2913 turns).

ChadusMaximus the Caller (Human Summoner)           Turns: 2913, Time: 00:04:10

Health: 0/30       AC:  3    Str:  8    XL:     4   Next: 77%
Magic:  3/8        EV: 12    Int: 18    God:
Gold:   76         SH:  0    Dex: 13    Spells: 2/8 levels left

rFire   . . .      SeeInvis .   k - +0 battleaxe
rCold   . . .      Faith    .   (shield currently unavailable)
rNeg    . . .      Spirit   .   a - +0 robe
rPois   .          Reflect  .   (no helmet)
rElec   .          Harm     .   (no cloak)
rCorr   .          Rampage  .   j - +0 pair of gloves
Will    +....                   (no boots)
Stlth   ++........              (no amulet)
HPRegen 0.10/turn               g - +4 ring of slaying
MPRegen 0.11/turn               n - ring of willpower

@: attractive
A: no striking features
a: no special abilities


You were in a sewer.
You visited 1 branch of the dungeon, and saw 3 of its levels.
You also visited: Sewer.

You collected 76 gold pieces.

Inventory:

Hand Weapons
 c - a +0 mace
 k - a +0 battleaxe (weapon)
Armour
 a - a +0 robe (worn)
 j - a +0 pair of gloves (worn)
Jewellery
 g - a +4 ring of slaying (left hand)
 n - a ring of willpower (right hand)
Scrolls
 d - a scroll of enchant armour {unknown}
 e - a scroll of brand weapon {unknown}
 f - 2 scrolls of identify {unknown}
 i - 3 scrolls of teleportation
 l - 2 scrolls of immolation {unknown}
 m - a scroll of silence {unknown}
 o - a scroll of magic mapping {unknown}
Potions
 b - a potion of magic


   Skills:
 + Level 2.8 Dodging
 + Level 3.0 Stealth
 + Level 2.6 Spellcasting
 + Level 4.5 Summonings


You had 2 spell levels left.
You knew the following spells:

 Your Spells              Type           Power      Damage    Failure   Level
a - Summon Small Mammal   Summ           72%        N/A       2%          1
b - Call Canine Familiar  Summ           18%        N/A       8%          3
c - Call Imp              Summ           18%        N/A       4%          2

Your spell library contained the following spells:

 Spells                   Type           Power      Damage    Failure   Level
 Shock                    Conj/Air       8%         1d3       17%         1
 Summon Guardian Golem    Hex/Summ       10%        N/A       21%         3
 Dazzling Flash           Conj/Hex       4%         N/A       45%         3
 Swiftness                Air            2%         N/A       45%         3
 Summon Lightning Spire   Summ/Air       10%        N/A       54%         4
 Airstrike                Air            1%         2d(1-17)  86%         4
 Iskenderun's Mystic Bla  Conj/Tloc      2%         2d3       86%         4
 Starburst                Conj/Fire      1%         6d3       100%        6


Dungeon Overview and Level Annotations

Branches:
Dungeon (3/15)              Sewer (1/1)

Altars:

Annotations:
Sewer Pargi


Message History

Your hound closely misses Pargi.
Casting: Summon Small Mammal (safe; 2% risk of failure)
Confirm with . or Enter, or press ? or * to list all spells.
Your hound bites Pargi.
Pargi bites your hound. Pargi claws your hound.
Pargi claws your hound but does no damage.
You swap places.
Your hound bites Pargi.
Your hound bites Pargi.
Pargi bites your rat.
Your rat dies!
Your rat's corpse disappears in a puff of smoke!
Your hound bites Pargi.
Your hound closely misses Pargi.
You hit Pargi.
Pargi is heavily wounded.
Your hound completely misses Pargi.
Pargi misses you. Pargi claws you but does no damage. Pargi claws you.
Your hound bites Pargi.
You barely miss Pargi.
Pargi is heavily wounded.
Your hound barely misses Pargi.
Pargi misses you. Pargi closely misses you. Pargi claws you.
Your hound bites Pargi but does no damage.
Pargi misses you. Pargi barely misses you. Pargi claws you.
You barely miss Pargi.
Pargi is heavily wounded.
Your hound barely misses Pargi.
Your hound bites Pargi.
Pargi bites you!
* * * LOW HITPOINT WARNING * * *
Pargi claws you.
* * * LOW HITPOINT WARNING * * *
Pargi claws you.
* * * LOW HITPOINT WARNING * * *
Your hound barely misses Pargi.
Pargi closely misses you. Pargi barely misses you. Pargi claws you.
* * * LOW HITPOINT WARNING * * *
Casting: Summon Small Mammal (safe; 2% risk of failure)
Confirm with . or Enter, or press ? or * to list all spells.
You don't know that spell.
Your hound barely misses Pargi.
It was a potion of attraction.
You feel attractive to monsters. Pargi bites you.
You die...

#.~≈~.#
+.~≈~.+
#.~≈~.#
#.~≈~.#
+.~≈~.+
#.~≈~.#
####.~≈~.####
#∩....∩@.'..#
####.~≈T.####
#.~≈h.####
+.~≈~.'..#
#.~≈~.####
#.~≈~.#
+.~≈~.'..#
#.~≈~.####
#.~≈~.#


You could see Pargi (ally target) and a friendly hound (summoned).

Vanquished Creatures
  An adder (D:2)
  A worm (D:2)
  A dart slug (D:3)
  An endoplasm (D:1)
  7 giant cockroaches
  7 goblins
  3 hobgoblins
  A quokka (D:3)
  3 ball pythons
  2 frilled lizards
  4 kobolds (D:2)
  5 rats
36 creatures vanquished.

Vanquished Creatures (collateral kills)
  Terence (D:2)
  3 kobolds
  A quokka (D:1)
  A ball python (D:2)
6 creatures vanquished.

Grand Total: 42 creatures vanquished

Notes
Turn   | Place    | Note
-------+----------+-------------------------------------------
     0 | D:1      | ChadusMaximus the Human Summoner began the quest for the
                  | Orb.
     0 | D:1      | Reached XP level 1. HP: 13/13 MP: 3/3
   496 | D:1      | Reached XP level 2. HP: 19/19 MP: 5/5
  1447 | D:2      | Noticed Terence
  1509 | D:2      | Reached XP level 3. HP: 14/24 MP: 6/6
  1515 | D:2      | Learned a level 3 spell: Call Canine Familiar
  1518 | D:2      | Learned a level 2 spell: Call Imp
  1813 | D:2      | Killed Terence
  1814 | D:2      | Reached XP level 4. HP: 8/30 MP: 0/7
  2164 | D:2      | Found a faded altar of an unknown god.
  2849 | D:3      | Found a glowing drain.
  2867 | Sewer    | Entered a sewer
  2896 | Sewer    | Noticed Pargi
  2913 | Sewer    | Slain by Pargi

Illustrated notes

Levels and vault maps discovered:
D:1:      heliophobic_arrival_battle_scene, layout_basic
D:2:      layout_rooms, basic_ecumenical_altar, uniq_terence
D:3:      layout_loops_corners, gup_sewer_entry_pipe, grunt_ministairs_4,
          uniq_natasha, uniq_jessica, uniq_crazy_yiuf_cottage, uniq_grinder
Sewer:    kennysheep_door_sewer

Skill      XL: |  1  2  3  4 |
---------------+-------------+-----
Stealth        | 3 |  3.0
Dodging        | |  2.8
Spellcasting   | |  2.6
Summonings     | |  4.5

Action                   |  1- 3 |  4- 6 || total
-------------------------+-------+-------++-------
Melee: Mace              |    46 |       ||    46
       Battleaxe         |    10 |    34 ||    44
 Cast: Summon Small Mamm |     9 |     2 ||    11
       Call Canine Famil |     2 |     4 ||     6
       Call Imp          |     2 |     2 ||     4
  Use: Scroll            |       |     1 ||     1
       Potion            |       |     1 ||     1
 Stab: Sleeping          |     2 |     4 ||     6
       Distracted        |     2 |       ||     2
Armor: Robe              |     7 |    14 ||    21
Dodge: Dodged            |    40 |    37 ||    77
